 Dungeon Crawl Stone Soup version 0.18.1-50-g88ac8fd (webtiles) character file.

2093 Vatticson the Basher (level 9, 0/72 HPs)
             Began as a Minotaur Berserker on Oct 14, 2016.
             Was an Elder of Trog.
             Slain by an orc warrior
             ... wielding a +0 battleaxe
              (21 damage)
             ... on level 5 of the Dungeon.
             The game lasted 00:24:31 (4917 turns).

Vatticson the Basher (Minotaur Berserker)           Turns: 4917, Time: 00:24:32

Health: 0/72       AC: 16    Str: 23    XL:     9   Next: 7%
Magic:  8/8        EV:  8    Int:  4    God:    Trog [****..]
Gold:   176        SH:  3    Dex: 12    Spells: 0 memorised, 8 levels left

rFire  . . .     SeeInvis +     t - +2 morningstar
rCold  . . .     Gourm    .     z - +3 chain mail {rN+}
rNeg   + . .     Faith    +     l - +0 buckler
rPois  +         Spirit   .     (helmet restricted)
rElec  .         Dismiss  .     c - +0 cloak
rCorr  .         Reflect  .     (no gloves)
SustAt .         Harm     .     w - +2 pair of boots
MR     ++...                    v - amulet of faith
Stlth  ..........               k - ring of see invisible
                                j - ring of poison resistance

@: regenerating, very resistant to hostile enchantments, extremely unstealthy
A: retaliatory headbutt, horns 2
a: Berserk, Trog's Hand, Brothers in Arms, Burn Spellbooks, Renounce Religion


You were on level 5 of the Dungeon.
You worshipped Trog.
Trog was greatly pleased with you.
You were hungry.

You visited 1 branch of the dungeon, and saw 5 of its levels.

You collected 176 gold pieces.

Inventory:

Hand Weapons
 a - a +0 mace
 t - a +2 morningstar (weapon)
 y - a +2 flail of draining
Missiles
 e - 144 stones (quivered)
Armour
 b - a +0 animal skin
 c - a +0 cloak (worn)
 d - a +0 ring mail
 f - a +0 plate armour
 l - a +0 buckler (worn)
 w - a +2 pair of boots (worn)
 z - a +3 chain mail of positive energy (worn)
Jewellery
 j - a ring of poison resistance (left hand)
 k - a ring of see invisible (right hand)
 v - an amulet of faith (around neck)
Wands
 m - a wand of random effects (13/48)
 r - a wand of enslavement (10/24)
Scrolls
 g - 2 scrolls of identify
 n - 3 scrolls of remove curse
Potions
 h - 3 potions of curing
 p - a potion of brilliance
 s - a potion of lignification
Comestibles
 i - 2 beef jerkies
 o - 4 meat rations
 q - 2 fruits
 u - 2 bread rations
 x - 3 royal jellies


   Skills:
 * Level 4.7 Fighting
 + Level 13.4 Maces & Flails
 * Level 4.1 Armour
 - Level 2.2 Dodging


You had 8 spell levels left.
You didn't know any spells.

Dungeon Overview and Level Annotations

Branches:
Dungeon (5/15)
 Temple: D:4-7

Altars:
Ashenzari
Cheibriados
Dithmenos
Kikubaaqudgha
Nemelex Xobeh
Ru
Vehumet
Xom
Zin
The Shining One


Innate Abilities, Weirdness & Mutations

You reflexively headbutt those who attack you in melee.
You have a pair of horns on your head.


Message History

The orc wizard barely misses you.
The orc warrior hits you with a battleaxe.
You hit the orc wizard but do no damage.
Your headbutt misses the orc wizard.
The orc wizard gestures at you while chanting.
The magic dart hits you!
You impale the orc wizard!!
You kill the orc wizard!
Trog accepts your kill.
Trog appreciates your killing of a magic user.
Your Armour skill increases to level 4!
The orc warrior hits you with a battleaxe!
* * * LOW HITPOINT WARNING * * *
You hit the orc warrior but do no damage.
The orc warrior hits you with a battleaxe!
* * * LOW HITPOINT WARNING * * *
Drink which item? (? for menu, Esc to quit)
You feel better.
The orc warrior hits you with a battleaxe!!
You die...

##### #...
#########.###
......)(@o..#
...######)#.##########
...ooo......#........
..#######............
#...#.#######
#..#####†##.# .#
#>.......##.#
...##..#####.##.#
........# #.##.#


You could see an orc warrior.

Vanquished Creatures
  Pikel (D:5)
  The ghost of Vatticson the Cudgeler, an amateur MiBe of Trog (D:3)
  A yak (D:4)
  Edmund (D:5)
  2 slaves (D:5)
  A sky beast (D:5)
  2 phantoms (D:4)
  2 ogres (D:5)
  3 scorpions
  A hound (D:5)
  5 orc priests
  A centaur skeleton (D:5)
  5 orc wizards
  Crazy Yiuf (D:3)
  Natasha (thrice) (D:2 D:4)
  2 worker ants (D:5)
  3 gnolls (D:5)
  6 adders
  3 dart slugs
  4 giant geckos
  22 orcs
  2 ball pythons
  10 bats
  5 giant cockroaches
  5 goblins
  7 hobgoblins
  6 jackals
  2 quokkas
  2 giant newts
  A jackal skeleton (D:5)
  11 kobolds
  7 rats
128 creatures vanquished.

Vanquished Creatures (collateral kills)
  An adder zombie (D:5)
1 creature vanquished.

Grand Total: 129 creatures vanquished

Notes
Turn   | Place    | Note
--------------------------------------------------------------
     0 | D:1      | Vatticson the Minotaur Berserker began the quest for the Orb.
     0 | D:1      | Reached XP level 1. HP: 19/19 MP: 0/0
   356 | D:1      | Reached skill level 4 in Maces & Flails
   372 | D:1      | Reached XP level 2. HP: 25/26 MP: 1/1
   800 | D:1      | Reached skill level 5 in Maces & Flails
  1017 | D:1      | Reached ** piety under Trog
  1017 | D:1      | Reached XP level 3. HP: 31/31 MP: 2/2
  1159 | D:2      | Noticed Natasha
  1166 | D:2      | Killed Natasha
  1280 | D:2      | Reached XP level 4. HP: 32/39 MP: 3/3
  1281 | D:2      | Reached skill level 6 in Maces & Flails
  1307 | D:2      | Found a snail-covered altar of Cheibriados.
  1361 | D:2      | Found a shimmering altar of Xom.
  1940 | D:3      | Noticed Vatticson's ghost (amateur MiBe)
  1975 | D:3      | Killed Vatticson's ghost
  1975 | D:3      | Reached skill level 8 in Maces & Flails
  1975 | D:3      | Reached XP level 5. HP: 19/45 MP: 4/4
  2230 | D:3      | Reached XP level 6. HP: 37/51 MP: 5/5
  2476 | D:3      | Noticed Crazy Yiuf
  2480 | D:3      | Killed Crazy Yiuf
  2614 | D:3      | Reached *** piety under Trog
  2638 | D:3      | Reached skill level 9 in Maces & Flails
  3302 | D:4      | Reached XP level 7. HP: 53/57 MP: 6/6
  3490 | D:4      | Noticed Natasha
  3503 | D:4      | Killed Natasha
  3503 | D:4      | Reached skill level 10 in Maces & Flails
  3726 | D:4      | Found a shadowy altar of Dithmenos.
  3727 | D:4      | Found an ancient bone altar of Kikubaaqudgha.
  3728 | D:4      | Found a sacrificial altar of Ru.
  3728 | D:4      | Found a radiant altar of Vehumet.
  3731 | D:4      | Found a glowing golden altar of the Shining One.
  3827 | D:4      | Noticed Natasha
  3831 | D:4      | Killed Natasha
  3978 | D:4      | Noticed a yak
  3978 | D:4      | a black bear changed into a yak
  3984 | D:4      | Killed a yak
  4301 | D:4      | Reached skill level 11 in Maces & Flails
  4340 | D:5      | Entered Level 5 of the Dungeon
  4354 | D:5      | Noticed Edmund
  4390 | D:5      | Killed Edmund
  4390 | D:5      | Reached XP level 8. HP: 64/64 MP: 7/7
  4419 | D:5      | Reached **** piety under Trog
  4477 | D:5      | Reached skill level 12 in Maces & Flails
  4504 | D:5      | Noticed Pikel
  4600 | D:5      | Killed Pikel
  4600 | D:5      | Reached skill level 13 in Maces & Flails
  4730 | D:5      | Found a sparkling altar of Nemelex Xobeh.
  4730 | D:5      | Found a shattered altar of Ashenzari.
  4732 | D:5      | Found a glowing silver altar of Zin.
  4878 | D:5      | Reached XP level 9. HP: 72/72 MP: 8/8
  4917 | D:5      | Slain by an orc warrior

Skill      XL: |  1  2  3  4  5  6  7  8  9 |
---------------+----------------------------+-----
Maces & Flails | 4 5 8 9 11 13 | 13.4
Fighting       | 4 |  4.7
Armour         | 3 4 |  4.1
Dodging        | |  2.2

Action                   |  1- 3 |  4- 6 |  7- 9 || total
-------------------------+-------+-------+-------++-------
Melee: Mace              |    79 |   114 |       ||   193
       Headbutt          |    13 |    24 |    23 ||    60
       Morningstar       |       |    35 |   124 ||   159
Throw: Stone             |       |       |     2 ||     2
Invok: Trog's Hand       |     1 |     1 |     2 ||     4
       Berserk           |       |     2 |       ||     2
Evoke: Wand              |       |     1 |     6 ||     7
  Use: Scroll            |     4 |     6 |     3 ||    13
       Potion            |     2 |     2 |     2 ||     6
  Eat: Bread ration      |       |     2 |     1 ||     3
       Beef jerky        |       |       |     1 ||     1
Armor: Ring mail         |    17 |       |       ||    17
       Animal skin       |     1 |       |       ||     1
       Plate armour      |    36 |    69 |    39 ||   144
       Chain mail        |       |       |    25 ||    25
Dodge: Dodged            |    43 |    43 |    27 ||   113
Block: Buckler           |       |    21 |     9 ||    30
